 Dungeon Crawl Stone Soup version 0.30-a0-476-g330ca2eb8e (webtiles) character file.

Game seed: 6452208262306007814

3005 p00ps00p the Cleaver (level 9, -3/82 HPs)
             Began as a Hill Orc Fighter on Dec 21, 2022.
             Was an Initiate of Gozag.
             Slain by a gnoll
             ... wielding a +0 halberd
             ... led by a gnoll sergeant
              (9 damage)
             ... on level 8 of the Dungeon.
             The game lasted 00:09:21 (8493 turns).

p00ps00p the Cleaver (Hill Orc Fighter)             Turns: 8493, Time: 00:09:21

Health: -3/82      AC: 16    Str: 23    XL:     9   Next: 84%
Magic:  9/9        EV:  6    Int:  8    God:    Gozag
Gold:   564        SH:  5    Dex: 10    Spells: 8/8 levels left

rFire   . . .      SeeInvis .    a - +3 war axe
rCold   . . .      Faith    .    c - +0 buckler
rNeg    . . .      Spirit   .    s - +0 plate armour
rPois   .          Reflect  .    u - +0 helmet
rElec   .          Harm     .    (no cloak)
rCorr   .          Rampage  .    x - +0 pair of gloves
Will    .....                    (no boots)
Stlth   ..........               g - amulet of magic regeneration
HPRegen 0.33/turn                (no ring)
MPRegen 0.51/turn                (no ring)

@: no status effects
A: no striking features
a: Renounce Religion, Potion Petition, Call Merchant, Bribe Branch


You were on level 8 of the Dungeon.
You worshipped Gozag.
Gozag was pleased with you.
You visited 2 branches of the dungeon, and saw 9 of its levels.

You collected 675 gold pieces.
You paid 111 gold pieces to Gozag.

Inventory:

Hand Weapons
 a - a +3 war axe (weapon)
Missiles
 o - a throwing net (quivered)
Armour
 c - a +0 buckler (worn)
 s - a +0 plate armour (worn)
 u - a +0 helmet (worn)
 x - a +0 pair of gloves (worn)
Jewellery
 g - an amulet of magic regeneration (around neck)
Wands
 d - a wand of polymorph (15)
 n - a wand of charming (2)
Scrolls
 k - a scroll of magic mapping
 m - 2 scrolls of immolation
 q - a scroll of blinking
 r - 2 scrolls of silence
 t - 2 scrolls of teleportation
Potions
 b - a potion of cancellation {unknown}
 e - 3 potions of berserk rage
 f - 4 potions of brilliance
 h - a potion of degeneration {unknown}
 i - a potion of ambrosia {unknown}
 j - 2 potions of resistance
 l - 4 potions of curing
 p - a potion of heal wounds
 v - a potion of might
 w - a potion of attraction {unknown}
 z - a potion of flight {unknown}
 A - a potion of haste {unknown}


   Skills:
 + Level 8.8 Fighting
 + Level 9.1 Axes
 + Level 8.0 Armour
 + Level 8.1 Shields


You had 8 spell levels left.
You didn't know any spells.
Your spell library contained the following spells:

 Spells                   Type           Power      Damage    Failure   Level
 Magic Dart               Conj           0%         1d3       100%        1
 Shock                    Conj/Air       0%         1d3       100%        1
 Summon Small Mammal      Summ           0%         N/A       100%        1
 Call Imp                 Summ           0%         N/A       100%        2
 Cigotuvi's Dreadful Rot  Necr/Pois/Air  0%         N/A       100%        2
 Poisonous Vapours        Pois/Air       0%         N/A       100%        2
 Call Canine Familiar     Summ           0%         N/A       100%        3
 Gell's Gravitas          Tloc           0%         N/A       100%        3
 Lesser Beckoning         Tloc           0%         N/A       100%        3
 Mephitic Cloud           Conj/Pois/Air  0%         N/A       100%        3
 Summon Guardian Golem    Hex/Summ       0%         N/A       100%        3
 Swiftness                Air            0%         N/A       100%        3
 Teleport Other           Tloc           0%         N/A       100%        3
 Airstrike                Air            0%         2d(0-16)  100%        4
 Dispersal                Tloc           0%         N/A       100%        6


Dungeon Overview and Level Annotations

Branches:
Dungeon (8/15)             Temple (1/1) D:7
   Lair: D:8-11

Altars:
Ashenzari
Cheibriados
Dithmenos
Elyvilon
Fedhas
Gozag
Hepliaklqana
Kikubaaqudgha
Makhleb
Okawaru
Qazlal
Ru
Sif Muna
Trog
Wu Jian
Xom
Yredelemnul
Zin
Lugonu

Annotations:
D:7 2 transporters, drugrobin's ghost, novice DgDe


Message History

You slash the gnoll sergeant!
The hobgoblin zombie is no longer distracted by gold.
The kobold is no longer distracted by gold.
The hobgoblin zombie is distracted by your dazzling golden aura.
You block the gnoll sergeant's attack. The gnoll barely misses you.
Your Armour skill increases to level 8!
You barely miss the kobold. You slash the gnoll sergeant!
You kill the gnoll sergeant!
The kobold hits you but does no damage. The gnoll barely misses you.
Unknown command.
You slash the kobold!
You kill the kobold!
The gnoll hits you but does no damage.
The gnoll is distracted by your dazzling golden aura.
You see here 8 gold pieces.
The gnoll shouts!
You hit the hobgoblin zombie but do no damage.
The hobgoblin zombie is no longer distracted by gold.
The hobgoblin zombie hits you but does no damage.
You hit the hobgoblin zombie.
The hobgoblin zombie is heavily damaged.
The hobgoblin zombie hits you but does no damage.
You slash the hobgoblin zombie!
You destroy the hobgoblin zombie!
The gnoll is no longer distracted by gold.
The gnoll hits you from afar with a +0 halberd.
You see here 5 gold pieces.
The gnoll hits you but does no damage. The gnoll barely misses you.
You see here 8 gold pieces.
The gnoll hits you with a +0 halberd!
* * * LOW HITPOINT WARNING * * *
Things that are here:
18 gold pieces; a +0 dagger; a +0 club The gnoll hits you with a +0 halberd!
* * * LOW HITPOINT WARNING * * *
You see here 8 gold pieces.
You barely miss the gnoll. The gnoll hits you with a +0 halberd!
You die...
Your body crumbles into a pile of gold.

$ . #.# ... #.#
#... #.. #.# ....
#..###.#####....##
##.........=....?.#
#..................
.......<....##.....
##.........$$......
#......$.@$$......
#........g$$....##
..........#......#
.....~~............
.....~~............
#..................
.....(....#....#..
.....###..[.......


You could see a gnoll.

Vanquished Creatures
  Pikel (D:4)
  Prince Ribbit (D:7)
  A wraith (D:5)
  2 yaks (D:7)
  Edmund (D:4)
  A sky beast (D:6)
  An ogre (D:5)
  2 kobold brigands
  2 phantoms
  2 bullfrogs
  2 gnoll sergeants
  4 wights (D:7)
  2 hounds
  A gnoll bouda (D:7)
  Ijyb (D:4)
  3 iguanas
  2 orc wizards
  Terence (D:3)
  17 gnolls
  5 adders
  2 shadow imps
  An ufetubus (D:5)
  2 worms
  11 orcs
  7 ball pythons
  2 bats (D:1)
  8 endoplasms
  A giant cockroach (D:3)
  6 goblins
  6 hobgoblins
  3 jackals (D:1)
  15 kobolds
  3 quokkas
  A frilled lizard (D:2)
  A hobgoblin zombie (D:8)
  A kobold skeleton (D:8)
  5 rats
  A spectral orc (D:3)
128 creatures vanquished.

Vanquished Creatures (collateral kills)
  A yak (D:7)
1 creature vanquished.

Vanquished Creatures (others)
  3 yaks (D:7)
3 creatures vanquished.

Grand Total: 132 creatures vanquished

Notes
Turn   | Place    | Note
-------+----------+-------------------------------------------
     0 | D:1      | p00ps00p the Hill Orc Fighter began the quest for the Orb.
     0 | D:1      | Reached XP level 1. HP: 19/19 MP: 1/1
   187 | D:1      | Reached XP level 2. HP: 27/27 MP: 2/2
   212 | D:1      | Reached skill level 3 in Axes
  1010 | D:2      | Reached XP level 3. HP: 33/33 MP: 3/3
  1109 | D:2      | Found a faded altar of an unknown god.
  1764 | D:3      | Found an ancient bone altar of Kikubaaqudgha.
  2025 | D:3      | Reached XP level 4. HP: 30/40 MP: 4/4
  2068 | D:3      | Found a shadowy altar of Dithmenos.
  2158 | D:3      | Noticed Terence
  2163 | D:3      | Killed Terence
  2251 | D:3      | Found a basalt altar of Yredelemnul.
  2817 | D:4      | Noticed Ijyb
  2824 | D:4      | Noticed Edmund
  2830 | D:4      | Reached skill level 4 in Axes
  2830 | D:4      | Reached XP level 5. HP: 31/47 MP: 5/5
  2850 | D:4      | Killed Ijyb
  2856 | D:4      | Killed Edmund
  2857 | D:4      | Reached skill level 5 in Fighting
  2857 | D:4      | Reached XP level 6. HP: 42/56 MP: 6/6
  3252 | D:4      | Noticed Pikel
  3267 | D:4      | Killed Pikel
  3268 | D:4      | Reached skill level 5 in Axes
  3268 | D:4      | Reached skill level 5 in Armour
  3268 | D:4      | Reached skill level 5 in Shields
  3268 | D:4      | Reached XP level 7. HP: 19/63 MP: 7/7
  3516 | D:4      | Reached skill level 6 in Axes
  4321 | D:5      | Entered Level 5 of the Dungeon
  4398 | D:5      | Found a blossoming altar of Fedhas.
  4532 | D:5      | Noticed a wraith
  4539 | D:5      | Killed a wraith
  4540 | D:5      | Reached XP level 8. HP: 65/71 MP: 8/8
  4565 | D:5      | Found a hazy altar of Hepliaklqana.
  4628 | D:5      | HP: 3/71 [ogre/+0 giant spiked club (27)]
  5759 | D:6      | Reached skill level 7 in Axes
  6033 | D:6      | Identified the +11 flail "Akhuihie" {elec, Str+2}
  6293 | D:6      | Found an opulent altar of Gozag.
  6294 | D:6      | Found a stormy altar of Qazlal.
  6325 | D:6      | Became a worshipper of Gozag Ym Sagoz the Greedy
  6482 | D:7      | Reached XP level 9. HP: 34/79 MP: 9/9
  7141 | D:7      | Noticed Prince Ribbit
  7150 | D:7      | Found a broken altar of Ashenzari.
  7170 | D:7      | Reached skill level 8 in Axes
  7182 | D:7      | Killed Prince Ribbit
  7408 | D:7      | Found a white marble altar of Elyvilon.
  7448 | D:7      | Found a transporter.
  7452 | D:7      | Found a transporter.
  7452 | D:7      | Noticed a white ugly thing
  7453 | D:7      | Noticed an eight-headed hydra
  7453 | D:7      | Noticed drugrobin's ghost (novice DgDe)
  7927 | D:7      | Found a bloodstained altar of Trog.
  7931 | D:7      | Identified the +4 leather armour of Wedaruv {rCorr Str+5
                  | Int-3}
  7941 | D:7      | Found a shimmering altar of Xom.
  7995 | D:7      | Found a staircase to the Ecumenical Temple.
  8238 | D:7      | Found a snail-covered altar of Cheibriados.
  8325 | Temple   | Entered the Ecumenical Temple
  8466 | D:8      | Reached skill level 9 in Axes
  8493 | D:8      | Slain by a gnoll

Illustrated notes

Levels and vault maps discovered:
D:1:      minmay_arrival_four_circles, layout_loops_corners
D:2:      layout_loops_corners, shapermc_ecumenical_altar_venn
D:3:      layout_loops_ring, kiku_gazebo_garden_becter,
          yredelemnul_forgotten_temple_becter, nicolae_dithmenos_shadow_blocks,
          minivault_26, minivault_24, skrybe_limestone_x, uniq_terence
D:4:      minmay_octagon_keep, layout_cave_pools, dreamdust_mushroom_princess,
          uniq_pikel, uniq_edmund, uniq_ijyb
D:5:      layout_rooms, lemuel_tele_altar, amcnicky_altar_gilded
D:6:      layout_cave_pools, gammafunk_temple_overflow_pools
D:7:      layout_cave_pools, slow_altar_2, cheibrodos_ashenzari_chains,
          elyvilon_altar_5, mainiacjoe_overflow_big_doors,
          minmay_temple_entry_mini_moons, gammafunk_ghost_arena,
          nicolae_concentric_dashed_squares_wild, uniq_prince_ribbit1
D:8:      layout_basic, nicolae_tso_besieged_by_evil, general_overflow_altar,
          lightli_orcish_oven
Temple:   corrupted_temple

Skill      XL: |  1  2  3  4  5  6  7  8  9 |
---------------+----------------------------+-----
Axes           | 3 4 5 6 7 9 |  9.1
Fighting       | 4 5 6 7 8 |  8.8
Armour         | 4 5 6 8 |  8.0
Shields        | 4 5 6 8 |  8.1

Action                   |  1- 3 |  4- 6 |  7- 9 || total
-------------------------+-------+-------+-------++-------
Melee: War axe           |   111 |    74 |   219 ||   404
       Unarmed           |       |     6 |       ||     6
Evoke: Wand              |       |     2 |     5 ||     7
  Use: Scroll            |     7 |     2 |     8 ||    17
       Potion            |       |     1 |     4 ||     5
 Stab: Distracted        |       |       |     1 ||     1
Armor: Scale mail        |    60 |    18 |       ||    78
       Skin              |       |     9 |       ||     9
       Chain mail        |       |     3 |     9 ||    12
       Plate armour      |       |       |   132 ||   132
Dodge: Dodged            |    47 |    48 |    84 ||   179
Block: Buckler           |    34 |    18 |    67 ||   119

Table legend: (Time is in decaauts)
 A = Elapsed time spent in this place.
 B = Non-inter-level travel time spent in this place.
 C = Inter-level travel time spent in this place.
 D = Time resting spent in this place.
 E = Time spent auto-exploring this place.
 F = Levels seen in this place.
 G = Mean time per level.
                   A        B        C        D        E       F      G
               +--------+--------+--------+--------+--------+-----+--------+
         Total |   8600 |   8334 |    266 |   2592 |   4537 |   9 |  955.6 |
       Dungeon |   8556 |   8303 |    253 |   2592 |   4512 |   8 | 1069.5 |
        Temple |     43 |     30 |     13 |      0 |     25 |   1 |   43.0 |
               +--------+--------+--------+--------+--------+-----+--------+

Top non-repeatable levels by time:
     D:7: 2038 daAuts
     D:4: 1732 daAuts
     D:5: 1408 daAuts
     D:1: 970 daAuts
     D:3: 889 daAuts
     D:2: 798 daAuts
     D:6: 683 daAuts
  Temple: 43 daAuts
     D:8: 33 daAuts
